 Dungeon Crawl Stone Soup version 0.30-a0-393-g54b8e3be05 (webtiles) character file.

Game seed: 8951493331124520204

312 NinjaNoafa the Insei (level 6, -4/42 HPs)
             Began as an Octopode Transmuter on Dec 5, 2022.
             Was an Initiate of Gozag.
             Splashed by a jelly's acid (10 damage)
             ... on level 5 of the Dungeon.
             The game lasted 00:04:59 (3948 turns).

NinjaNoafa the Insei (Octopode Transmuter)          Turns: 3948, Time: 00:04:59

Health: -4/42      AC: -11   Str: 10    XL:     6   Next: 42%
Magic:  7/9        EV: 14    Int: 17    God:    Gozag
Gold:   265        SH:  0    Dex: 12    Spells: 6/9 levels left

rFire   . . .      SeeInvis .      - Unarmed
rCold   . . .      Faith    .    (no shield)
rNeg    . . .      Spirit   .    (helmet currently unavailable)
rPois   .          Reflect  .    (no amulet)
rElec   .          Harm     .    (no ring)
rCorr   .          Rampage  .    (no ring)
Will    .....                    (no ring)
Stlth   ++........               (no ring)
HPRegen 0.27/turn                (no ring)
MPRegen 0.11/turn                (no ring)
                                 (no ring)
                                 (no ring)

@: appendages (expiring), wereblooded, corroded
A: tentacle spike 3, almost no armour, amphibious, 8 rings, camouflage 1,
gelatinous body 1, (nimble swimmer 1), tentacles
a: End Transformation, Renounce Religion, Potion Petition, Call Merchant, Bribe
Branch


You were on level 5 of the Dungeon.
You worshipped Gozag.
Gozag was aware of your devotion.
One of your tentacles had grown a beastly spike.
You visited 2 branches of the dungeon, and saw 6 of its levels.
You also visited: Sewer.

You collected 365 gold pieces.
You paid 100 gold pieces to Gozag.

Inventory:

Missiles
 b - 64 stones
 r - 4 poisoned darts
Wands
 a - a wand of roots (5)
 p - a wand of mindburst (3)
 v - a wand of charming (9)
Scrolls
 c - 2 scrolls of amnesia {unknown}
 e - 5 scrolls of teleportation {unknown}
 f - 6 scrolls of identify {unknown}
 g - 3 scrolls of brand weapon {unknown}
 h - 3 scrolls of vulnerability {unknown}
 i - a scroll of magic mapping {unknown}
 m - a scroll of fog {unknown}
 q - a scroll of blinking
 t - a scroll of enchant weapon {unknown}
 u - a scroll of enchant armour {unknown}
 w - a scroll of poison {unknown}
Potions
 d - 4 potions of curing {unknown}
 j - a potion of invisibility {unknown}
 k - 3 potions of brilliance {unknown}
 l - a potion of heal wounds {unknown}
 n - 3 potions of might {unknown}
 o - 3 potions of mutation {unknown}
 s - 2 potions of lignification


   Skills:
 + Level 3.5 Fighting
 + Level 4.1 Dodging
 + Level 4.7 Unarmed Combat
 - Level 2.0 Spellcasting
 - Level 2.0 Transmutations


You had 6 spell levels left.
You knew the following spells:

 Your Spells              Type           Power      Damage    Failure   Level
a - Beastly Appendage     Tmut           16%        N/A       9%          1
b - Wereblood             Tmut           8%         N/A       13%         2

Your spell library contained the following spells:

 Spells                   Type           Power      Damage    Failure   Level
 Spider Form              Tmut/Pois      5%         N/A       36%         3
 Ice Form                 Ice/Tmut       5%         N/A       77%         4


Dungeon Overview and Level Annotations

Branches:
Dungeon (5/15)             Temple (1/1) D:4           Sewer (visited)

Altars:
Ashenzari
Cheibriados
Dithmenos
Fedhas
Gozag
Hepliaklqana
Kikubaaqudgha
Makhleb
Nemelex Xobeh
Okawaru
Qazlal
Ru
Sif Muna
Trog
Uskayaw
Vehumet
Wu Jian
Xom
Yredelemnul
Zin
The Shining One


Innate Abilities, Weirdness & Mutations

One of your tentacles has grown a beastly spike.
You cannot wear most types of armour.
You are amphibious.
You can wear up to eight rings at the same time.
Your skin changes colour to match your surroundings (Stealth+).
Your rubbery body absorbs attacks. (AC +1, EV +1)
((You are camouflaged when in or above water. (Stealth+)))
You have tentacles for arms and can constrict up to eight enemies at once.


Message History

Confirm with . or Enter, or press ? or * to list all spells.
One of your tentacles grows a vicious spike.
Casting: Beastly Appendage (safe; 9% risk of failure)
Confirm with . or Enter, or press ? or * to list all spells.
Your blood is infused with primal strength.
The iguana hisses angrily.
The jelly quivers.
The jelly hits you but does no damage.
You tentacle-slap the jelly. The acid corrodes you!
Your tentacles burn!
You squeeze the jelly.
The jelly is moderately wounded.
You tentacle-slap the jelly. The acid corrodes you!
Your tentacles burn!
You pierce the jelly, but do no damage.
You squeeze the jelly, but do no damage.
The jelly is moderately wounded.
Your transformation is almost over.
The jelly barely misses you.
You tentacle-slap the jelly but do no damage.
Your tentacles burn!
You squeeze the jelly, but do no damage.
The jelly is moderately wounded.
The jelly barely misses you.
You tentacle-slap the jelly but do no damage.
The acid corrodes you!
Your tentacles burn!
Your tentacle spike misses the jelly.
You squeeze the jelly, but do no damage.
The jelly is moderately wounded.
The jelly misses you. The iguana attacks as you move away!
The iguana closely misses you. The jelly attacks as you move away!
The jelly hits you.
You are splashed with acid!
The jelly attacks as you move away! The jelly hits you.
You are splashed with acid!
* * * LOW HITPOINT WARNING * * *
There is a stone staircase leading up here.
The jelly hits you.
* * * LOW HITPOINT WARNING * * *
The acid corrodes you!
You are splashed with acid!
You die...
Your body crumbles into a pile of gold.

.......#
......# .....#
....# #...#
######...#
.........#
#.....####.###.
#.#.#lJ@..$....
#......#######.
....#.#....
##......####
###.###. #. .
#. ..


You could see an iguana and a jelly.

Vanquished Creatures
  2 bullfrogs (Sewer)
  Ijyb (D:3)
  Robin (D:3)
  4 adders
  2 river rats (D:3)
  A worm (D:3)
  2 dart slugs
  3 orcs
  6 ball pythons
  3 endoplasms
  11 giant cockroaches
  8 goblins
  8 hobgoblins
  4 quokkas
  8 bats
  12 frilled lizards
  6 kobolds
  4 rats
86 creatures vanquished.

Notes
Turn   | Place    | Note
-------+----------+-------------------------------------------
     0 | D:1      | NinjaNoafa the Octopode Transmuter began the quest for the
                  | Orb.
     0 | D:1      | Reached XP level 1. HP: 13/13 MP: 3/3
    78 | D:1      | Reached XP level 2. HP: 18/18 MP: 3/5
   775 | D:2      | Reached XP level 3. HP: 7/24 MP: 4/6
  1098 | D:2      | Found a basalt altar of Yredelemnul.
  1284 | D:2      | Learned a level 2 spell: Wereblood
  1805 | D:3      | Noticed Robin
  1819 | D:3      | Reached XP level 4. HP: 18/29 MP: 4/7
  1820 | D:3      | Killed Robin
  1909 | D:3      | Noticed Ijyb
  1924 | D:3      | Killed Ijyb
  1967 | D:3      | Found a hide-covered altar of Uskayaw.
  2105 | D:3      | Found a glowing drain.
  2113 | D:3      | Reached XP level 5. HP: 15/35 MP: 6/8
  2147 | Sewer    | Entered a sewer
  2257 | Sewer    | Reached XP level 6. HP: 20/42 MP: 6/9
  2624 | D:3      | Found a faded altar of an unknown god.
  2643 | D:3      | Identified the +4 chain mail "Neorobly" {rPois rF- rN+
                  | rCorr}
  2995 | D:4      | Found a staircase to the Ecumenical Temple.
  3039 | Temple   | Entered the Ecumenical Temple
  3116 | Temple   | Became a worshipper of Gozag Ym Sagoz the Greedy
  3299 | D:4      | Found a glowing silver altar of Zin.
  3302 | D:4      | Found a sparkling altar of Nemelex Xobeh.
  3935 | D:5      | Entered Level 5 of the Dungeon
  3948 | D:5      | Splashed by a jelly's acid

Illustrated notes

Levels and vault maps discovered:
D:1:      dpeg_arrival_rooms_b, layout_rooms
D:2:      layout_loops_cross, basic_altar, bh_walls_and_bars
D:3:      layout_basic, nicolae_uskayaw_suspiria,
          shapermc_ecumenical_altar_starsandcircs, portal_sewer_entry_e,
          uniq_robin, uniq_ijyb
D:4:      layout_loops_corners, jmf_multi_god_temple, minmay_temple_entry_ruins,
          kennysheep_cluttered_room, minmay_statues_item,
          nicolae_concentric_dashed_squares_wild
D:5:      layout_basic, serial_glass, glass_columns_a, glass_columns_c
Temple:   dpeg_three_leaves_temple

Skill      XL: |  1  2  3  4  5  6 |
---------------+-------------------+-----
Fighting       | 2 3 |  3.5
Dodging        | 3 4 |  4.1
Unarmed Combat | 4 |  4.7
Spellcasting   | |  2.0
Transmutations | |  2.0

Action                   |  1- 3 |  4- 6 || total
-------------------------+-------+-------++-------
Melee: Unarmed           |    74 |    95 ||   169
       Constrict         |    21 |    26 ||    47
       Tentacles         |    12 |    19 ||    31
       Kick              |    17 |    33 ||    50
       Punch             |     1 |     2 ||     3
 Cast: Beastly Appendage |    25 |    21 ||    46
       Wereblood         |     1 |     5 ||     6
  Use: Potion            |     2 |       ||     2
 Stab: Sleeping          |     5 |     4 ||     9
Armor: Skin              |    17 |     7 ||    24
Dodge: Dodged            |    48 |    59 ||   107

Table legend: (Time is in decaauts)
 A = Elapsed time spent in this place.
 B = Non-inter-level travel time spent in this place.
 C = Inter-level travel time spent in this place.
 D = Time resting spent in this place.
 E = Time spent auto-exploring this place.
 F = Levels seen in this place.
 G = Mean time per level.
                   A        B        C        D        E       F      G
               +--------+--------+--------+--------+--------+-----+--------+
         Total |   3934 |   3859 |     75 |     50 |   3100 |   7 |  562.0 |
       Dungeon |   3493 |   3421 |     72 |     50 |   2825 |   5 |  698.6 |
        Temple |     80 |     77 |      3 |      0 |     56 |   1 |   80.0 |
         Sewer |    360 |    360 |      0 |      0 |    219 |   1 |  360.0 |
               +--------+--------+--------+--------+--------+-----+--------+

Top non-repeatable levels by time:
     D:4: 1031 daAuts
     D:3: 919 daAuts
     D:2: 839 daAuts
     D:1: 690 daAuts
   Sewer: 360 daAuts
  Temple: 80 daAuts
     D:5: 12 daAuts
